 Seeded DCSS version 0.31-a0-986-g5e6e4ef867 (webtiles) character file.

Game seed: 3451369682634171190 (custom seed)

58849 timneilson the Nimble (level 14, -4/95 (101) HPs)
             Began as an Octopode Shapeshifter on Nov 25, 2023.
             Was an Initiate of Gozag.
             Slain by a wolf (8 damage)
             ... on level 5 of the Lair of Beasts.
             The game lasted 01:09:09 (14855 turns).

timneilson the Nimble (Octopode Shapeshifter)      Turns: 14855, Time: 01:09:10

HP:   -4/95 (101)   AC:  5    Str: 25    XL:     14   Next: 92%
MP:   14/14         EV: 25    Int: 12    God:    Gozag
Gold: 15            SH:  0    Dex: 16    Spells: 13/13 levels left

rFire   + .          .
                       - Unarmed
rCold   + . .        y - melded +0 kite shield
rNeg    + . .        (helmet restricted)
rPois   +            D - amulet of regeneration
rElec   +            m - ring "Byfeyro" {EV+5 Stlth+}
rCorr   +            p - +4 ring of slaying
SInv    +            T - ring of Iqeoz {rCorr AC+4}
Will    +++..        U - ring of Attitude {rPois Will++ rCorr Dex-5 Stlth-}
Stlth   +++          e - ring "Sankorux" {rElec rC+ rCorr SInv}
HPRegen 1.15/turn    K - ring "Zari" {Str+4 Dex+6}
MPRegen 0.14/turn    L - +6 ring of strength
                     Q - ring "Xutten" {Fly rF+ rN+ Str-3 Dex+3}

%: no passive effects
@: flux-form, gold aura, flying, glowing, studying 2 skills, drained
A: glow, contaminating, almost no armour, amphibious, 8 rings, camouflage 1,
gelatinous body 1, (nimble swimmer 1), tentacles
a: Begin Untransformation, Renounce Religion, Potion Petition, Call Merchant,
Bribe Branch


You were on level 5 of the Lair of Beasts.
You worshipped Gozag.
Gozag was noncommittal.
You were something dangerously unstable.
You visited 3 branches of the dungeon, and saw 19 of its levels.
You also visited: Bailey and Ice Cave.

You collected 8071 gold pieces.
You spent 4777 gold pieces at shops.
You paid 3279 gold pieces to Gozag.

Inventory:

Armour
 y - a +0 kite shield (melded)
Jewellery
 d - a ring of ice
 e - the ring "Sankorux" (on tentacle) {rElec rC+ rCorr SInv}
   (You bought it in a shop on level 1 of the Dungeon)

   [ring of resist corrosion]

   rC+:       It protects you from cold.
   rElec:     It insulates you from electricity.
   SInv:      It lets you see invisible.
   rCorr:     It protects you from acid and corrosion.
 m - the ring "Byfeyro" (left tentacle) {EV+5 Stlth+}
   (You bought it in a shop on level 1 of the Dungeon)

   [ring of evasion]

   EV+5:      It affects your evasion (+5).
   Stlth+:    It makes you more stealthy.
 p - a +4 ring of slaying (right tentacle)
 v - a ring of positive energy
 D - an amulet of regeneration (around mantle)
 K - the ring "Zari" (on tentacle) {Str+4 Dex+6}
   (You found it on level 10 of the Dungeon)

   [ring of dexterity]

   Str+4:     It affects your strength (+4).
   Dex+6:     It affects your dexterity (+6).
 L - a +6 ring of strength (on tentacle)
 P - a +4 ring of protection
 Q - the ring "Xutten" (on tentacle) {Fly rF+ rN+ Str-3 Dex+3}
   (You acquired it on level 2 of the Lair of Beasts)

   [ring of protection from fire]

   Str-3:     It affects your strength (-3).
   Dex+3:     It affects your dexterity (+3).
   rF+:       It protects you from fire.
   rN+:       It protects you from negative energy.
   Fly:       It grants you flight.
 S - a ring of fire
 T - the ring of Iqeoz (on tentacle) {rCorr AC+4}
   (You bought it in a shop on level 3 of the Lair of Beasts)

   [ring of protection]

   AC+4:      It affects your AC (+4).
   rCorr:     It protects you from acid and corrosion.
 U - the ring of Attitude (on tentacle) {rPois Will++ rCorr Dex-5 Stlth-}
   (You bought it in a shop on level 3 of the Lair of Beasts)

   [ring of resist corrosion]

   Dex-5:     It affects your dexterity (-5).
   rPois:     It protects you from poison Will++: It greatly increases your
   willpower.
   rCorr:     It protects you from acid and corrosion.
   Stlth-:    It makes you less stealthy.
Talismans
 b - a beast talisman
 c - a flux talisman (active)
 l - a blade talisman
Wands
 r - a wand of quicksilver (1)
 s - a wand of polymorph (6)
 w - a wand of flame (38)
 x - a wand of mindburst (17)
 z - a wand of iceblast (21)
 A - a wand of charming (10)
 F - a wand of digging (11)
Scrolls
 j - 2 scrolls of fog
 k - 4 scrolls of poison
 n - 3 scrolls of teleportation
 t - 3 scrolls of fear
 B - 4 scrolls of immolation
 C - a scroll of brand weapon
 G - a scroll of enchant armour
 H - 2 scrolls of enchant weapon {unknown}
 M - 2 scrolls of butterflies {unknown}
 N - 2 scrolls of noise
Potions
 a - 2 potions of lignification
 f - 5 potions of brilliance
 g - 4 potions of haste
 h - 9 potions of heal wounds
 i - 6 potions of might
 o - 5 potions of enlightenment
 q - 4 potions of attraction
 u - 4 potions of magic
 E - a potion of mutation
 J - 5 potions of ambrosia
 R - a potion of curing


   Skills:
 * Level 11.4 Fighting
 * Level 11.9 Dodging
 + Level 11.7 Stealth
 + Level 7.1 Shields
 * Level 11.8 Unarmed Combat
 + Level 8.3 Evocations
 * Level 10.9 Shapeshifting


You had 13 spell levels left.
You didn't know any spells.
Your spell library contained the following spells:

 Spells                   Type           Power      Damage    Failure   Level
 Cigotuvi's Dreadful Rot  Necr/Pois/Air  0%         N/A       45%         2
 Ensorcelled Hibernation  Hex/Ice        0%         N/A       45%         2
 Jinxbite                 Hex            0%         N/A       45%         2
 Call Canine Familiar     Summ           0%         N/A       69%         3
 Frozen Ramparts          Ice            0%         1d1       69%         3
 Sigil of Binding         Hex            0%         N/A       69%         3
 Anguish                  Hex/Necr       0%         N/A       97%         4
 Dimensional Bullseye     Hex/Tloc       0%         N/A       97%         4
 Dispel Undead            Necr           0%         3d6       97%         4
 Leda's Liquefaction      Hex/Erth       0%         N/A       97%         4
 Petrify                  Tmut/Erth      0%         N/A       97%         4
 Alistair's Intoxication  Tmut/Pois      0%         N/A       100%        5
 Borgnjor's Vile Clutch   Necr/Erth      0%         N/A       100%        5
 Metabolic Englaciation   Hex/Ice        0%         N/A       100%        5
 Summon Forest            Summ/Tloc      0%         N/A       100%        5
 Death Channel            Necr           0%         N/A       100%        6
 Eringya's Noxious Bog    Tmut/Pois      0%         4d6       100%        6
 Summon Hydra             Summ           0%         N/A       100%        7


Dungeon Overview and Level Annotations

Branches:
Dungeon (13/15)            Temple (1/1) D:7            Lair (4/5) D:11
  Swamp (0/4) Lair:2        Snake (0/4) Lair:3          Orc (0/2) D:12
 Bailey (visited)           IceCv (visited)
  Slime: Lair:4-5    Vaults: D:13-14

Altars:
Ashenzari
Cheibriados
Dithmenos
Elyvilon
Fedhas
Gozag
Hepliaklqana
Kikubaaqudgha
Makhleb
Nemelex Xobeh
Okawaru
Qazlal
Ru
Sif Muna
Trog
Uskayaw
Vehumet
Wu Jian
Xom
Yredelemnul
Zin
The Shining One
Jiyva

Shops:
D:1 (=   D:9 *   D:10 =   Lair:1 ?   Lair:2 *   Lair:3 =

Portals:
Trove: D:12 (give 9 potions of haste)

Annotations:
Lair:3 3 runed translucent doors, Nulorelyt's ghost, journeyman DsCK
Lair:4 3 runed translucent doors


Innate Abilities, Weirdness & Mutations

You are something dangerously unstable.
You glow with magical radiation, making you easy to see and hit.
Foes you strike become dangerously contaminated with magical radiation.
You are incapable of wielding weapons or throwing items.
You cannot wear most types of armour.
You are amphibious.
You can wear up to eight rings at the same time.
Your skin changes colour to match your surroundings (Stealth+).
Your rubbery body absorbs attacks. (AC +1, EV +1)
((You are camouflaged when in or above water. (Stealth+)))
You have tentacles for arms and can constrict up to eight enemies at once.


Message History

The polar bear completely misses you. The polar bear barely misses you.
The polar bear misses you.
Unknown command.
You tentacle-slap the wolf but do no damage.
The wolf shudders as magic cascades through it.
You kill the wolf!
Unknown command.
As you read the scroll of teleportation, it crumbles to dust.
You feel strangely unstable. The polar bear bites you!
* * * LOW HITPOINT WARNING * * *
The polar bear claws you.
* * * LOW HITPOINT WARNING * * *
The polar bear misses you. The wolf closely misses you.
The wolf howls!
You bludgeon the wolf!
The wolf begins to glow.
You grab the wolf.
The wolf is moderately wounded.
You constrict the wolf.
You hear a deafening roar!
The wolf bites you.
* * * LOW HITPOINT WARNING * * *
The polar bear misses you. x2
The polar bear claws you but does no damage.
The wolf closely misses you.
You tentacle-slap the wolf.
The wolf glows dangerously bright.
The wolf is severely wounded.
You constrict the wolf. The wolf misses you.
The polar bear completely misses you. x3
Unknown command.
You tentacle-slap the wolf.
You kill the wolf!
Your surroundings seem slightly different. 2 wolves come into view.
Found a dwarf skeleton.
The wolf howls!
The cane toad croaks.
The blink frog croaks.
The hell rat roars deafeningly! x2; You hear a deafening roar!
The blink frog croaks.
You hear an angry hiss.
The wolf bites the fungus.
The fungus begins to die.
The blink frog blinks!
The wolf bites you!
You die...
Your body crumbles into a pile of gold.

#...# ##...# #....## h
##### ##P..÷.## ..
..P.########.......##...
÷...P...##..P...........
......Phh§$÷.......P....
.....P.####.P..hp...÷P..
#..P.### ##.......Ph..P
###### ###..♣....PPF
##....P.PP........
##÷..F.rrh.......
....r.r#......
P..#F.§.......
###.FF.r......
##..F........


You could see a cane toad, 4 blink frogs, 4 wolves and 4 hell rats.

Vanquished Creatures
  A frost giant (IceCv)
  Nessos (D:12)
  An eleionoma (Lair:2)
  2 vault guards (Bailey)
  A hydra (Lair:3)
  Erica (D:8)
  3 two-headed ogres
  A boulder beetle (Lair:2)
  12 death yaks
  A lindwurm (Lair:3)
  2 ugly things (D:12)
  An oklob plant (Lair:3)
  3 manticores
  2 cyclopes (D:12)
  16 elephants
  An ice statue (IceCv)
  2 black mambas
  10 cane toads
  2 unseen horrors (D:11)
  6 rime drakes
  An efreet (D:12)
  8 komodo dragons
  2 trolls
  2 hornets
  A queen bee (D:11)
  12 polar bears
  Prince Ribbit (D:5)
  Grinder (D:5)
  21 blink frogs
  Sigmund (D:4)
  A wraith (D:12)
  3 shadows
  42 yaks
  8 wyverns
  5 humans (Bailey)
  Eustachio (D:4)
  2 basilisks (Lair:2)
  2 steam dragons
  Menkaure (D:5)
  2 vampire mosquitoes (D:10)
  3 nagas (Lair:3)
  A warg (D:12)
  13 water moccasins
  Duvessa (D:7)
  2 acid dragons
  4 orc warriors
  3 sky beasts
  3 ice beasts
  2 black bears
  An ogre (D:6)
  13 wolves
  7 centaurs
  2 phantoms
  A kobold brigand (D:8)
  14 bullfrogs
  A gnoll sergeant (D:5)
  2 scorpions
  14 wights
  Dowan (D:7)
  47 killer bees
  An electric eel (Lair:1)
  3 howler monkeys
  4 hounds
  2 jellies
  Crazy Yiuf (D:7)
  6 orc priests
  A gnoll bouda (D:8)
  2 sleepcaps
  An iguana (D:7)
  Ijyb (D:5)
  18 orc wizards
  2 hell rats (Lair:5)
  Terence (D:3)
  2 wolf simulacra (Lair:1)
  5 adders
  11 gnolls
  3 river rats (D:11)
  5 shadow imps
  A worm (D:3)
  6 dart slugs
  26 orcs
  6 ball pythons
  4 endoplasms
  5 giant cockroaches
  11 goblins
  8 hobgoblins
  8 jackals
  2 quokkas
  2 bats (D:1)
  A frilled lizard (D:2)
  7 kobolds
  8 rats
  A butterfly (Lair:2)
486 creatures vanquished.

Notes
Turn   | Place    | Note
-------+----------+-------------------------------------------
     0 | D:1      | timneilson the Octopode Shapeshifter began the quest for
                  | the Orb.
     0 | D:1      | Reached XP level 1. HP: 13/13 MP: 1/1
    37 | D:1      | Found Juceetep's Jewellery Shop.
    56 | D:1      | Noticed an eye of devastation
    58 | D:1      | Found a faded altar of an unknown god.
    67 | D:1      | Noticed a golden eye
    67 | D:1      | Noticed a glass eye
    67 | D:1      | Noticed a golden eye
    72 | D:1      | Reached XP level 2. HP: 9/18 MP: 2/2
   713 | D:1      | Found Mylaamin's Weapon Shop.
   723 | D:1      | Reached skill level 1 in Stealth
   724 | D:1      | Reached XP level 3. HP: 20/23 MP: 3/3
   850 | D:2      | Identified a scroll of acquirement
   850 | D:2      | Acquired 1254 gold pieces
   902 | D:1      | Bought the ring "Byfeyro" {EV+5 Stlth+} for 503 gold pieces
  1269 | D:2      | Reached XP level 4. HP: 29/29 MP: 4/4
  1581 | D:1      | Bought a +4 ring of slaying for 858 gold pieces
  1632 | D:3      | Noticed Terence
  1643 | D:3      | Killed Terence
  1730 | D:3      | Reached XP level 5. HP: 34/34 MP: 5/5
  1911 | D:3      | Found an iron altar of Okawaru.
  1914 | D:3      | Found an ornate altar of the Wu Jian Council.
  1917 | D:3      | Found a bloodstained altar of Trog.
  1956 | D:3      | Noticed a black bear
  1991 | D:3      | Killed a black bear
  1992 | D:3      | Reached XP level 6. HP: 40/41 MP: 6/6
  2545 | D:4      | Noticed Sigmund
  2553 | D:4      | Killed Sigmund
  2554 | D:4      | Reached XP level 7. HP: 46/46 MP: 7/7
  2946 | D:4      | Noticed Eustachio
  2950 | D:4      | Killed Eustachio
  2951 | D:4      | Reached skill level 1 in Evocations
  3070 | D:5      | Entered Level 5 of the Dungeon
  3070 | D:5      | Noticed Ijyb
  3076 | D:5      | Killed Ijyb
  3099 | D:5      | Found a radiant altar of Vehumet.
  3108 | D:5      | Reached skill level 5 in Unarmed Combat
  3108 | D:5      | Reached XP level 8. HP: 54/54 MP: 8/8
  3133 | D:5      | Found an opulent altar of Gozag.
  3179 | D:5      | Noticed Menkaure
  3187 | D:5      | Killed Menkaure
  3252 | D:5      | Noticed Prince Ribbit
  3269 | D:5      | Killed Prince Ribbit
  3270 | D:5      | Reached skill level 5 in Shapeshifting
  3302 | D:5      | Became a worshipper of Gozag Ym Sagoz the Greedy
  3429 | D:5      | Noticed Grinder
  3436 | D:5      | Paralysed by Grinder for 4 turns
  3441 | D:5      | Killed Grinder
  3442 | D:5      | Reached skill level 5 in Dodging
  3885 | D:6      | Reached skill level 5 in Fighting
  3907 | D:6      | Reached XP level 9. HP: 61/61 MP: 9/9
  3957 | D:6      | Reached skill level 5 in Stealth
  4601 | D:6      | Reached skill level 1 in Shields
  4853 | D:7      | Found a sacrificial altar of Ru.
  5099 | D:7      | Reached XP level 10. HP: 68/68 MP: 10/10
  5105 | D:7      | Found a staircase to the Ecumenical Temple.
  5131 | Temple   | Entered the Ecumenical Temple
  5370 | D:1      | Bought the ring "Sankorux" {rElec rC+ rCorr SInv} for 497
                  | gold pieces
  5482 | D:7      | Noticed Duvessa
  5482 | D:7      | Noticed Dowan
  5486 | D:7      | Killed Dowan
  5492 | D:7      | Killed Duvessa
  5561 | D:7      | Found a runed translucent door.
  5562 | D:7      | Noticed Crazy Yiuf
  5569 | D:7      | Killed Crazy Yiuf
  5653 | D:7      | Found a broken altar of Ashenzari.
  5657 | D:7      | Saw a vision of the Swamp and the Snake Pit.
  5657 | D:7      | Noticed an anaconda
  5657 | D:7      | Noticed a naga warrior
  5657 | D:7      | Noticed a black mamba
  5657 | D:7      | Noticed a black mamba
  5657 | D:7      | Noticed an anaconda
  5657 | D:7      | Noticed a ghost crab
  5660 | D:7      | Noticed a seven-headed hydra
  6279 | D:8      | Found a shimmering altar of Xom.
  6279 | D:8      | Found a shimmering altar of Xom.
  6280 | D:8      | Found a shimmering altar of Xom.
  6280 | D:8      | Found a shimmering altar of Xom.
  6280 | D:8      | Found a shimmering altar of Xom.
  6525 | D:8      | Noticed Erica
  6535 | D:8      | Killed Erica
  6636 | D:8      | Paralysed by a hornet for 2 turns
  6799 | D:8      | Reached XP level 11. HP: 75/75 MP: 11/11
  6924 | D:9      | Reached skill level 5 in Evocations
  7051 | D:9      | Found Pozas's Assorted Antiques.
  7055 | D:9      | Bought a scroll labelled QODAINK GIPHUT for 25 gold pieces
  7055 | D:9      | Bought a fizzy ruby potion for 22 gold pieces
  7055 | D:9      | Bought a scroll labelled WEESHI AVOSIOH for 25 gold pieces
  7055 | D:9      | Bought a scroll of identify for 50 gold pieces
  7204 | D:9      | Noticed a two-headed ogre
  7217 | D:9      | Killed a two-headed ogre
  7242 | D:9      | Identified the +8 dagger "Ynupal Qefy" {venom, *Corrode
                  | +Blink Str+3 Dex+9}
  7665 | D:10     | Entered Level 10 of the Dungeon
  7665 | D:10     | Found a flagged portal.
  7684 | Bailey   | Entered a bailey
  7825 | Bailey   | Noticed a vault guard
  7833 | Bailey   | Killed a vault guard
  7874 | Bailey   | Noticed a vault guard
  7897 | Bailey   | Killed a vault guard
  8039 | D:10     | Noticed a two-headed ogre
  8046 | D:10     | Killed a two-headed ogre
  8295 | D:10     | Bought a ring of poison resistance for 280 gold pieces
  8310 | D:10     | Identified the ring "Zari" {Str+4 Dex+6}
  8351 | D:10     | Reached XP level 12. HP: 80/84 MP: 12/12
  8510 | D:10     | Found a hazy altar of Hepliaklqana.
  8525 | D:10     | Found a basalt altar of Yredelemnul.
  8896 | D:11     | Noticed a death yak
  8896 | D:11     | Noticed a death yak
  8962 | D:11     | Identified the +1 pair of gloves of Courage {Slay+6}
  9155 | D:11     | Found a staircase to the Lair.
  9178 | D:11     | Noticed a death yak
  9181 | D:11     | Killed a death yak
  9188 | D:11     | Killed a death yak
  9193 | D:11     | Killed a death yak
  9420 | D:12     | Identified the +0 buckler "Jiketat" {rCorr Dex+2}
  9564 | D:12     | Found a staircase to the Orcish Mines.
  9581 | D:12     | Reached skill level 5 in Shields
  9638 | D:12     | Noticed a two-headed ogre
  9652 | D:12     | Killed a two-headed ogre
  9960 | D:10     | Bought a +6 ring of strength for 504 gold pieces
 10211 | D:12     | Found a portal to a secret trove of treasure.
 10221 | D:12     | Identified the +3 ring mail of Makhleb's Whim {-Cast
                  | *Corrode rN++ Str+2}
 10361 | D:12     | Reached XP level 13. HP: 43/90 MP: 13/13
 10379 | D:12     | Noticed Nessos
 10436 | D:12     | Killed Nessos
 10437 | D:12     | Reached skill level 10 in Unarmed Combat
 10643 | Lair:1   | Entered Level 1 of the Lair of Beasts
 10649 | Lair:1   | Found a frozen archway.
 10692 | IceCv    | Entered an ice cave
 10795 | IceCv    | Reached skill level 10 in Stealth
 10858 | IceCv    | Reached skill level 10 in Dodging
 10952 | IceCv    | Noticed a frost giant
 11004 | IceCv    | Killed a frost giant
 11005 | IceCv    | Reached skill level 10 in Fighting
 11412 | Lair:1   | Reached skill level 10 in Shapeshifting
 11664 | Lair:1   | Reached XP level 14. HP: 99/99 MP: 14/14
 12904 | Lair:2   | Found a staircase to the Swamp.
 12904 | Lair:2   | Noticed an eleionoma
 12914 | Lair:2   | Killed an eleionoma
 13021 | Lair:2   | Acquired 893 gold pieces
 13148 | Lair:2   | Acquired 745 gold pieces
 13150 | Lair:2   | Acquired the ring "Xutten" {Fly rF+ rN+ Str-3 Dex+3}
 13152 | Lair:2   | Acquired a manual of Dodging
 13527 | Lair:2   | Bought a sapphire ring for 125 gold pieces
 13527 | Lair:2   | Bought a tubular garnet ring for 125 gold pieces
 13527 | Lair:2   | Bought a potion of heal wounds for 125 gold pieces
 13720 | Lair:3   | Found a runed translucent gate.
 13720 | Lair:3   | Found a runed translucent gate.
 13720 | Lair:3   | Found a runed translucent gate.
 13729 | Lair:3   | Noticed Nulorelyt's ghost (journeyman DsCK)
 13732 | Lair:3   | Found a viscous altar of Jiyva.
 14073 | Lair:3   | Found a stormy altar of Qazlal.
 14133 | Lair:3   | Found a staircase to the Snake Pit.
 14677 | Lair:3   | Bought the ring of Iqeoz {rCorr AC+4} for 972 gold pieces
 14782 | Lair:3   | Bought the ring of Attitude {rPois Will++ rCorr Dex-5
                  | Stlth-} for 666 gold pieces
 14830 | Lair:4   | Found a runed translucent gate.
 14830 | Lair:4   | Found a runed translucent gate.
 14830 | Lair:4   | Found a runed translucent gate.
 14831 | Lair:4   | You are sucked into a shaft and drop 1 floor!
 14831 | Lair:5   | Entered Level 5 of the Lair of Beasts
 14853 | Lair:5   | HP: 2/95 [wolf (5)]
 14855 | Lair:5   | Slain by a wolf

Illustrated notes

Levels and vault maps discovered:
D:1:      spicycebolla_green_bress_n_ham, layout_basic,
          hellmonk_ecumenical_altar_watching_god, serial_shops,
          nicolae_shop_gaudy_bauble, shop
D:2:      layout_loops_ring
D:3:      layout_loops_cross, grunt_temple_overflow_open,
          hangedman_decor_opposing, corexii_hall_statues_l, uniq_terence
D:4:      layout_basic, uniq_eustachio, uniq_sigmund
D:5:      layout_cave_pools, mainiacjoe_overflow_catch_the_wave,
          uniq_prince_ribbit1, uniq_grinder, uniq_menkaure, uniq_ijyb
D:6:      minmay_flawed_box, layout_gridville, hangedman_decor_riveting
D:7:      layout_loops_cross, kennysheep_mini, grunt_ashenzari_visionary
          [grunt_ashenzari_visionary_swamp, grunt_ashenzari_visionary_snake],
          minmay_temple_entry_trees, uniq_crazy_yiuf_cottage, uniq_duvessa
D:8:      cheibrodos_barr_body, layout_loops_ring, xom_redecorated, uniq_erica
D:9:      layout_irregular_city, serial_shops, nicolae_shop_dealshenge
D:10:     layout_roguey, mainiacjoe_overflow_catwalk_spiral, enter_bailey_5,
          chequers_avenue
D:11:     layout_rooms, dpeg_lair_monsters, special_room [special_room_bee],
          minmay_between
D:12:     layout_long_grid, david_orc_3, nicolae_trove_entry_free_sample,
          uniq_nessos
D:13:     layout_stronghold, david_vaults_5
Temple:   nicolae_temple_no_exploring_needed
Lair:1:   layout_cave_pods, portal_ice_cave_entry_ice_simulacra,
          beast_lair_carwin_9, infiniplex_staircase_pool_2, grunt_megastairs_3,
          lemuel_fruit_fields, serial_bayou_shore_a
Lair:2:   layout_gridlike, alex1729_swamp_entry_worm_eleionoma,
          serial_bayou_shore_b, grunt_megastairs_2, infiniplex_staircase_pool,
          lemuel_fruit_fields
Lair:3:   layout_chaotic_city, nicolae_snake_entry_squirm, basic_altar,
          gammafunk_ghost_ooze, cheibrodos_lair_lostbears
Lair:4:   layout_roguey, gammafunk_ghost_necromancy, grunt_megastairs_1
Lair:5:   grunt_lair_end_beastmaster, layout_gridlike,
          nicolae_slime_entry_field_trip

Skill      XL: |  1  2  3  4  5  6  7  8  9 10 11 12 13 14 |
---------------+-------------------------------------------+-----
Stealth        | 1 2 3 4 6 7 8 9 10 11 | 11.7
Fighting       | 2 3 4 5 6 7 8 9 10 11 | 11.4
Dodging        | 3 4 5 6 7 8 9 10 11 | 11.9
Unarmed Combat | 4 5 6 7 8 9 10 11 | 11.8
Shapeshifting  | 4 5 6 7 8 9 10 | 10.9
Evocations     | 1 2 3 4 5 6 7 8 |  8.3
Shields        | 1 3 4 5 6 7 |  7.1

Action                     |  1- 3 |  4- 6 |  7- 9 | 10-12 | 13-15 || total
---------------------------+-------+-------+-------+-------+-------++-------
  Melee: Unarmed           |    58 |    67 |   155 |   517 |   607 ||  1404
         Constrict         |    20 |    21 |    37 |    97 |    63 ||   238
         Tentacles         |    16 |    20 |    39 |   149 |   229 ||   453
         Punch             |       |       |    11 |     9 |       ||    20
 Invoke: Call Merchant     |       |       |       |     1 |     3 ||     4
  Evoke: Wand              |       |       |     4 |    11 |     8 ||    23
    Use: Scroll            |     1 |     1 |     6 |    12 |    10 ||    30
         Potion            |       |       |       |     3 |     1 ||     4
   Stab: Sleeping          |     9 |    10 |     5 |    12 |    16 ||    52
         Distracted        |       |       |       |     5 |     5 ||    10
 Armour: Skin              |    15 |    11 |    37 |   163 |   201 ||   427
  Dodge: Dodged            |    28 |    38 |    99 |   442 |   548 ||  1155
  Block: Buckler           |       |       |     8 |    11 |       ||    19
         Kite shield       |       |       |       |    14 |       ||    14
   Form: Flux              |       |       |       |     1 |       ||     1

Table legend: (Time is in decaauts)
 A = Elapsed time spent in this place.
 B = Non-inter-level travel time spent in this place.
 C = Inter-level travel time spent in this place.
 D = Time resting spent in this place.
 E = Time spent auto-exploring this place.
 F = Levels seen in this place.
 G = Mean time per level.
                   A        B        C        D        E       F      G
               +--------+--------+--------+--------+--------+-----+--------+
         Total |  14629 |  13687 |    942 |    420 |   6493 |  21 |  696.6 |
       Dungeon |  10314 |   9444 |    870 |    227 |   4767 |  13 |  793.4 |
        Temple |      1 |      1 |      0 |      0 |      0 |   1 |    1.0 |
          Lair |   3476 |   3404 |     72 |    109 |   1609 |   5 |  695.2 |
        Bailey |    236 |    236 |      0 |     31 |     30 |   1 |  236.0 |
      Ice Cave |    600 |    600 |      0 |     53 |     87 |   1 |  600.0 |
               +--------+--------+--------+--------+--------+-----+--------+

Top non-repeatable levels by time:
  Lair:2: 1267 daAuts
    D:12: 1103 daAuts
  Lair:1: 1034 daAuts
  Lair:3: 1017 daAuts
     D:6: 951 daAuts
     D:1: 920 daAuts
     D:7: 885 daAuts
     D:5: 867 daAuts
     D:8: 862 daAuts
     D:4: 820 daAuts
     D:9: 820 daAuts
     D:2: 792 daAuts
    D:10: 790 daAuts
    D:11: 776 daAuts
     D:3: 706 daAuts
